 Seeded DCSS version 0.29.1-15-g9cfb28693d (webtiles) character file.

Game seed: 11721550145171638735 (custom seed)

230 valliere the Sneak (level 5, -4/37 HPs)
             Began as a Vampire Enchanter on Apr 23, 2023.
             Killed from afar by an orc wizard (12 damage)
             ... with a puff of flame
             ... on level 4 of the Dungeon.
             The game lasted 00:06:54 (2550 turns).

valliere the Sneak (Vampire Enchanter)              Turns: 2550, Time: 00:06:54

Health: -4/37      AC:  7    Str:  7    XL:     5   Next: 72%
Magic:  8/8        EV: 12    Int: 17    God:
Gold:   154        SH:  0    Dex: 17    Spells: 7/9 levels left

rFire   . . .      SeeInvis +   m - +1 dagger (venom)
rCold   . . .      Faith    .   (no shield)
rNeg    . . .      Spirit   .   u - +3 leather armour
rPois   .          Reflect  .   (no helmet)
rElec   .          Harm     .   w - +0 cloak
rCorr   .          Rampage  .   (no gloves)
Will    .....                   (no boots)
Stlth   +++.......              k - amulet of Vitality {RegenMP++ Regen++}
HPRegen 1.92/turn               (no ring)
MPRegen 0.91/turn               (no ring)

@: healing quickly, invisible
A: alive, fangs 3, see invisible, vampiric 2
a: Exsanguinate


You were on level 4 of the Dungeon.
You visited 1 branch of the dungeon, and saw 4 of its levels.

You collected 154 gold pieces.

Inventory:

Hand Weapons
 a - a +1 dagger
 m - a +1 dagger of venom (weapon)
Armour
 b - a +0 robe
 u - a +3 leather armour (worn)
 w - a +0 cloak (worn)
Jewellery
 k - the amulet of Vitality (around neck) {RegenMP++ Regen++}
   (You found it on level 2 of the Dungeon)

   [amulet of magic regeneration]

   It increases your rate of magic regeneration.
   Regen:     It increases your rate of health regeneration.
 r - an amulet of faith
Wands
 l - a wand of mindburst (9)
 t - a wand of paralysis (4)
Scrolls
 e - 3 scrolls of poison {unknown}
 g - a scroll of noise {unknown}
 h - 4 scrolls of teleportation {unknown}
 i - 2 scrolls of identify {unknown}
 o - a scroll of magic mapping {unknown}
 s - a scroll of enchant weapon {unknown}
 v - a scroll of torment {unknown}
Potions
 c - 2 potions of invisibility
 d - 2 potions of flight {unknown}
 f - 3 potions of degeneration {unknown}
 j - a potion of brilliance {unknown}
 n - 2 potions of magic {unknown}
 p - a potion of curing {unknown}
 q - a potion of resistance {unknown}


   Skills:
 + Level 1.3 Fighting
 + Level 2.3 Short Blades
 + Level 1.3 Armour
 * Level 3.5 Dodging
 * Level 6.1 Stealth
 + Level 2.5 Spellcasting
 + Level 5.2 Hexes


You had 7 spell levels left.
You knew the following spells:

 Your Spells              Type           Power      Damage    Failure   Level
a - Ensorcelled Hibernat  Hex/Ice        22%        N/A       14%         2

Your spell library contained the following spells:

 Spells                   Type           Power      Damage    Failure   Level
 Confusing Touch          Hex            19%        N/A       10%         3
 Tukima's Dance           Hex            19%        N/A       10%         3
 Dazzling Flash           Conj/Hex       22%        N/A       26%         3


Dungeon Overview and Level Annotations

Branches:
Dungeon (4/15)
 Temple: D:4-7

Altars:

Annotations:
D:4 2 runed translucent doors, om's ghost, amateur DjHW


Innate Abilities, Weirdness & Mutations

Your natural rate of healing is accelerated.
You have razor-sharp teeth.
You have supernaturally acute eyesight. (SInv)
You are afflicted with vampirism and can become a bat while bloodless.


Message History

You fade into invisibility!
You kill the orc!
The orc wizard closely misses you.
You hit the orc priest.
The orc priest is poisoned.
The orc priest is lightly wounded.
The orc wizard casts a spell at you. You resist with some effort.
The orc wizard hits you with a +0 dagger.
* * * LOW HITPOINT WARNING * * *
The orc priest barely misses you.
You hit the orc priest.
The orc priest looks as sick as possible!
The orc priest is heavily wounded.
The orc wizard hits you with a +0 dagger.
* * * LOW HITPOINT WARNING * * *
Unknown command.
You hit the orc wizard but do no damage.
The orc wizard is poisoned.
You barely miss the orc wizard.
The orc wizard is lightly wounded.
You kill the orc priest!
The orc wizard hits you but does no damage.
The orc wizard closely misses you.
Unknown command.
You barely miss the orc wizard.
The orc wizard is moderately wounded.
The orc wizard hits you with a +0 dagger.
* * * LOW HITPOINT WARNING * * *
The orc wizard misses you.
Unknown command.
You hit the orc wizard.
The orc wizard looks as sick as possible!
The orc wizard is severely wounded.
Unknown command.
You hit the orc wizard but do no damage.
The orc wizard hits you with a +0 dagger.
* * * LOW HITPOINT WARNING * * *
The orc wizard casts a spell at you. The puff of flame hits you!
You die...

############ ## #. #.
############### #.
........# ....# #.
........# ....### ## #.
........# ......##~. #.
.....))o# #[....#..#~ #[
.......@# #.....#~8..##.
.......o###.....+≈..$≈##
..........'.....+W#≈~#
###########.....#....
#.....#..~# #...)†#.##
#.....##### #.........#
#####....##


You could see 2 orc wizards.

Vanquished Creatures
  A hound (D:4)
  2 orc priests (D:4)
  Ijyb (D:3)
  4 adders
  An ufetubus (D:4)
  2 worms
  3 dart slugs
  4 orcs
  3 ball pythons
  3 endoplasms
  4 giant cockroaches
  7 goblins
  5 hobgoblins
  2 jackals (D:4)
  2 quokkas (D:1)
  6 bats
  4 frilled lizards
  6 kobolds
  3 rats
63 creatures vanquished.

Notes
Turn   | Place    | Note
-------+----------+-------------------------------------------
     0 | D:1      | valliere the Vampire Enchanter began the quest for the Orb.
     0 | D:1      | Reached XP level 1. HP: 13/13 MP: 3/3
   143 | D:1      | Found a faded altar of an unknown god.
   216 | D:1      | Reached XP level 2. HP: 13/19 MP: 5/5
   461 | D:1      | Learned a level 2 spell: Ensorcelled Hibernation
   793 | D:2      | Found the amulet of Vitality {RegenMP++ Regen++}
   820 | D:2      | Gained mutation: You are afflicted with vampirism and can
                  | become a bat while bloodless. [Vampire growth]
   820 | D:2      | Reached XP level 3. HP: 25/25 MP: 6/6
   825 | D:2      | Reached skill level 5 in Stealth
  1659 | D:3      | Noticed Ijyb
  1662 | D:3      | Killed Ijyb
  1663 | D:3      | Reached XP level 4. HP: 31/31 MP: 7/7
  1710 | D:3      | Reached skill level 1 in Armour
  1951 | D:3      | Reached skill level 5 in Hexes
  2150 | D:4      | Reached skill level 1 in Fighting
  2150 | D:4      | Reached XP level 5. HP: 32/37 MP: 8/8
  2295 | D:4      | Reached skill level 6 in Stealth
  2517 | D:4      | Found a large runed translucent door.
  2517 | D:4      | Found a large runed translucent door.
  2528 | D:4      | Noticed om's ghost (amateur DjHW)
  2550 | D:4      | Killed from afar by an orc wizard

Illustrated notes

Levels and vault maps discovered:
D:1:      dpeg_arrival_connections, layout_loops_cross,
          chequers_ecumenical_altar_simple_redux
D:2:      layout_loops_ring, dreamdust_princess_corridor
D:3:      layout_basic, minmay_misc_feat_encased, uniq_ijyb
D:4:      layout_basic, minmay_temple_entry_fiery, ebering_ghost_disaster_area,
          chequers_decorated_corner

Skill      XL: |  1  2  3  4  5 |
---------------+----------------+-----
Stealth        | 5 6 |  6.1
Dodging        | 3 |  3.5
Armour         | 1 |  1.3
Short Blades   | 2 |  2.3
Hexes          | 5 |  5.2
Fighting       | 1 |  1.3
Spellcasting   | |  2.5

Action                   |  1- 3 |  4- 6 || total
-------------------------+-------+-------++-------
Melee: Dagger            |   100 |    91 ||   191
       Bite              |     9 |    12 ||    21
       Punch             |     2 |     2 ||     4
 Cast: Ensorcelled Hiber |     3 |       ||     3
  Use: Potion            |       |     1 ||     1
 Stab: Sleeping          |    16 |     5 ||    21
Armor: Robe              |    23 |     3 ||    26
       Leather armour    |       |    28 ||    28
Dodge: Dodged            |    52 |    51 ||   103
